 Dungeon Crawl Stone Soup version 0.27-a0-1189-gb8eb6cee8e (webtiles) character file.

Game seed: 13771873748171080290

14 ZappyNine the Sneak (level 2, -1/17 HPs)
             Began as a Kobold Wanderer on May 22, 2021.
             Slain by a goblin
             ... wielding a +0 short sword
              (3 damage)
             ... on level 2 of the Dungeon.
             The game lasted 00:00:33 (369 turns).

ZappyNine the Sneak (Kobold Wanderer)                Turns: 369, Time: 00:00:33

Health: -1/17      AC:  5    Str:  6    XL:     2   Next: 55%
Magic:  2/2        EV: 11    Int: 13    God:
Gold:   0          SH:  0    Dex: 17    Spells: 1/1 levels left

rFire    . . .     SeeInvis .   a - +2 falchion
rCold    . . .     Faith    .   (shield restricted)
rNeg     . . .     Spirit   .   c - +0 ring mail
rPois    .         Reflect  .   (no helmet)
rElec    .         Harm     .   (no cloak)
rCorr    .         Rampage  .   (no gloves)
Will     .....                  (no boots)
Stlth    +++.......             (no amulet)
HPRegen  0.05/turn              (no ring)
MPRegen  0.08/turn              (no ring)

@: no status effects
A: small, no large weapons, nightstalker 3
a: no special abilities


You were on level 2 of the Dungeon.
You visited 1 branch of the dungeon, and saw 2 of its levels.

Inventory:

Hand Weapons
 a - a +2 falchion (weapon)
 b - a +0 short sword
Armour
 c - a +0 ring mail (worn)
Scrolls
 d - a scroll of blinking {unknown}


   Skills:
 - Level 2.1 Fighting
 - Level 2.4 Long Blades
 - Level 1.5 Armour
 - Level 1.2 Dodging
 + Level 3.5 Stealth
 - Level 1.2 Evocations


You had one spell level left.
You didn't know any spells.
Your spell library was empty.

Dungeon Overview and Level Annotations

Branches:
Dungeon (1/15)

Altars:


Innate Abilities, Weirdness & Mutations

You are small and have problems with some larger weapons.
You are completely attuned to the shadows.


Message History

You are too injured to fight recklessly!
You are too injured to fight recklessly!
You are too injured to fight recklessly!
You hit the goblin but do no damage. The goblin hits you but does no damage.
You hit the goblin but do no damage. The goblin hits you but does no damage.
You hit the goblin but do no damage.
The goblin hits you with a +0 short sword.
* * * LOW HITPOINT WARNING * * *
You hit the goblin but do no damage. The goblin hits you but does no damage.
You aren't carrying any items that you can evoke.
You aren't carrying any potions.
You hit the goblin but do no damage. The goblin closely misses you.
You riposte.
You closely miss the goblin. The goblin barely misses you.
You riposte.
You closely miss the goblin.
Your ring mail prevents you from hitting the goblin.
The goblin barely misses you.
You barely miss the goblin. The goblin barely misses you.
You hit the goblin but do no damage. The goblin barely misses you.
You hit the goblin but do no damage. The goblin barely misses you.
You barely miss the goblin.
The goblin hits you with a +0 short sword.
* * * LOW HITPOINT WARNING * * *
You hit the goblin.
The goblin is heavily wounded.
The goblin hits you with a +0 short sword.
* * * LOW HITPOINT WARNING * * *
The goblin barely misses you.
You closely miss the goblin.
The goblin is heavily wounded.
The goblin hits you but does no damage.
You hit the goblin but do no damage.
The goblin is heavily wounded.
The goblin hits you but does no damage.
You closely miss the goblin.
The goblin is heavily wounded.
The goblin barely misses you.
You barely miss the goblin.
The goblin is heavily wounded.
The goblin hits you with a +0 short sword.
You die...

### ..# #.#
#g#
########@####
#............
#.######.###.
#.# #.#
#.######.#
#.#....†.#
#.#.######
#.#.# #.#.###


You could see a goblin.

Vanquished Creatures
  A gnoll (D:1)
  A giant cockroach (D:1)
  A quokka (D:2)
  A ball python (D:1)
  A frilled lizard (D:1)
5 creatures vanquished.

Notes
Turn   | Place    | Note
-------+----------+-------------------------------------------
     0 | D:1      | ZappyNine the Kobold Wanderer began the quest for the Orb.
     0 | D:1      | ZappyNine set off with the following items: a +2 falchion,
                  | a +0 short sword, a +0 ring mail
     0 | D:1      | Reached XP level 1. HP: 12/12 MP: 1/1
    26 | D:1      | Reached skill level 3 in Stealth
    26 | D:1      | Reached XP level 2. HP: 8/17 MP: 2/2
   212 | D:1      | You fall into a shaft and drop 1 floor!
   369 | D:2      | Slain by a goblin

Illustrated notes

Levels and vault maps discovered:
D:1:      giann_horns, layout_basic, ebering_ecumenical_altar_mist,
          minmay_lizard_pond
D:2:      layout_loops_ring, serial_shops, nicolae_shop_waterfront,
          uniq_crazy_yiuf_cottage

Skill      XL: |  1 |
---------------+----+-----
Stealth        | 3 |  3.5
Fighting       | |  2.1
Long Blades    | |  2.4
Armour         | |  1.5
Dodging        | |  1.2
Evocations     | |  1.2

Action                   || total
-------------------------++-------
Melee: Falchion          ||    29
 Stab: Sleeping          ||     2
Armor: Ring mail         ||     7
Dodge: Dodged            ||    16
       Rpst.: Falchion   ||     6

Table legend: (Time is in decaauts)
 A = Elapsed time spent in this place.
 B = Non-inter-level travel time spent in this place.
 C = Inter-level travel time spent in this place.
 D = Time resting spent in this place.
 E = Time spent auto-exploring this place.
 F = Levels seen in this place.
 G = Mean time per level.
                   A        B        C        D        E       F      G
               +--------+--------+--------+--------+--------+-----+--------+
         Total |    373 |    373 |      0 |    100 |    219 |   2 |  186.5 |
       Dungeon |    373 |    373 |      0 |    100 |    219 |   2 |  186.5 |
               +--------+--------+--------+--------+--------+-----+--------+

Top non-repeatable levels by time:
     D:1: 213 daAuts
     D:2: 160 daAuts
